cohdb
Replays
Latest Replays
All Replays
Popular Replays
Top Player Replays
Match Explorer
How It Works
Community
CoH3 Stats
Reddit
Sign in to upload your games and track your stats! →
Sign in with Steam
GG on Pachino - Coastal camp defeated
Match 18222752
Overview
Messages
Build Orders
End
Panzergrenadier Squad
250 Light Carrier
Panzergrenadier Squad
Construct Light Support Kompanie
Assault Grenadier Squad
Fire Support Elements
Flakvierling Half-track
2.5-tonne Medical Truck
Vehicle Survival Package
Veteran Squad Leaders
Flakvierling Half-track
Construct Mechanized Kompanie
Marder III Tank Destroyer
Pak 38 Anti-tank Gun Team
Selects Italian Infantry
Selects Guastatori Squad
Selects Registered Artillery
Selects Towed Cannone da 105/28 Field Howitzer
Towed Cannone da 105/28 Field Howitzer
Guastatori Squad
Construct Panzerarmee Kommand
Selects Defensive Operations
Selects Prepared Positions
Selects Obice 305mm Barrage
Flak 36 Anti-tank Gun Team
AI Takeover
Jünker
ToxicGrenadier
DanielD
Twister
0
0
Comments
sign in to comment!
No comments posted yet!